 Dungeon Crawl Stone Soup version 0.31-a0-37-g98a128e1d9 (webtiles) character file.

Game seed: 4087086859443179907

1439 BlueFish the Charlatan (level 8, 0/70 (75) HPs)
             Began as a White Draconian Artificer on May 15, 2023.
             Slain by a kobold
             ... wielding a +0 whip
              (6 damage)
             ... on level 7 of the Dungeon.
             The game lasted 00:13:39 (5589 turns).

BlueFish the Charlatan (White Draconian Artificer)  Turns: 5589, Time: 00:13:39

HP:   0/70 (75)     AC:  0    Str: 15    XL:     8   Next: 45%
MP:   8/8           EV: 16    Int: 13    God:
Gold: 362           SH:  0    Dex: 12    Spells: 7/7 levels left

rFire   . . .        g - melded +6 hand axe of Lihiug {venom, MP+9}
rCold   . . .        (shield currently unavailable)
rNeg    . . .        (body armour unavailable)
rPois   .            (helmet currently unavailable)
rElec   .            d - melded +0 cloak {rPois}
rCorr   .            (gloves currently unavailable)
SInv    .            (boots currently unavailable)
Will    .....        (no amulet)
Stlth   +++          q - melded ring of resist corrosion
HPRegen 0.31/turn    A - melded +6 ring of dexterity
MPRegen 0.11/turn

%: no passive effects
@: pig-form (expiring), hasted, drained, very quick
A: fast, no casting, (breathe frost), AC +6, small, unfitting armour, (cold
resistance 1), (cold-blooded), (camouflage 1), robust 1
a: no special abilities


You were on level 7 of the Dungeon.
You were a filthy swine.
You visited 1 branch of the dungeon, and saw 7 of its levels.

You collected 362 gold pieces.

Inventory:

Hand Weapons
 a - a +0 club
 g - the +6 hand axe of Lihiug (melded) {venom, MP+9}
   (You found it on level 6 of the Dungeon)

   MP:        It affects your magic capacity (+9).
 h - a +0 dagger
 k - a +0 short sword
 m - a +4 short sword
Armour
 d - a +0 cloak of poison resistance (melded)
Jewellery
 q - a ring of resist corrosion (melded)
 y - a ring of ice
 A - a +6 ring of dexterity (melded)
 B - a ring of positive energy
 C - the ring of Ukliwk {*Slow rF++ rN++ Int+6}
   (You found it on level 5 of the Dungeon)

   [ring of intelligence]

   Int:       It affects your intelligence (+6).
   rF:        It greatly protects you from fire.
   rN:        It greatly protects you from negative energy.
   *Slow:     It may slow you when you take damage.
 F - a ring of magical power
 H - a +6 ring of intelligence
 J - a ring of fire
Wands
 b - a wand of flame (8) (quivered)
 c - a wand of charming (12)
 j - a wand of paralysis (7)
 v - a wand of mindburst (12)
Scrolls
 e - 9 scrolls of identify {unknown}
 i - a scroll of enchant armour {unknown}
 l - a scroll of fear {unknown}
 n - 2 scrolls of brand weapon {unknown}
 o - 2 scrolls of poison {unknown}
 p - 2 scrolls of noise {unknown}
 r - a scroll of blinking {unknown}
 t - 2 scrolls of enchant weapon {unknown}
 u - a scroll of vulnerability {unknown}
 z - a scroll of amnesia {unknown}
 E - a scroll of fog {unknown}
 I - a scroll of teleportation {unknown}
Potions
 f - 2 potions of mutation
 s - a potion of haste


   Skills:
 + Level 5.6 Fighting
 + Level 1.2 Axes
 + Level 5.1 Dodging
 + Level 5.1 Stealth
 + Level 6.0 Evocations


You had 7 spell levels left.
You didn't know any spells.
Your spell library contained the following spells:

 Spells                   Type           Power      Damage    Failure   Level
 Slow                     Hex            0%         N/A       30%         1
 Ensorcelled Hibernation  Hex/Ice        0%         N/A       43%         2
 Passwall                 Tmut/Erth      0%         N/A       43%         2
 Confusing Touch          Hex            0%         N/A       67%         3
 Summon Guardian Golem    Hex/Summ       0%         N/A       67%         3
 Swiftness                Air            0%         N/A       67%         3
 Vampiric Draining        Necr           0%         2d6       67%         3
 Olgreb's Toxic Radiance  Pois           0%         N/A       97%         4
 Orb of Destruction       Conj           0%         9d5       100%        7
 Spellforged Servitor     Conj/Summ      0%         N/A       100%        7
 Discord                  Hex            0%         N/A       100%        8
 Ignition                 Fire           0%         3d3       100%        8


Dungeon Overview and Level Annotations

Branches:
Dungeon (7/15)             Temple (0/1) D:6

Altars:

Shops:
D:6 ?(

Annotations:
D:7 Dowan


Innate Abilities, Weirdness & Mutations

You are a filthy swine.
You move quickly.
Your equipment is almost entirely melded.
You are incapable of wielding weapons or throwing items.
You cannot cast spells.
((You can breathe waves of freezing cold which knock back foes.))
((Your icy white scales are hard. (AC +6)))
You cannot fit into any form of body armour.
((Your flesh is cold resistant. (rC+)))
((You are cold-blooded and may be slowed by cold attacks.))
((Your skin changes colour to match your surroundings (Stealth+).))
You are robust. (+10% HP)


Message History

Dowan casts a spell.
Dowan blinks!
You feel yourself speed up.
Aiming: Paralyse
Press: ? - help, Shift-Dir - straight line, f - Dowan
Aim: Dowan, wielding a +2 dagger of draining, wearing a +1 robe of resistance and carrying a wand of polymorph (6) (lightly wounded, fast, chance to affect: 64%) Dowan struggles to resist.
Aiming: Paralyse
Press: ? - help, Shift-Dir - straight line, f/p - Dowan
Aim: Dowan, wielding a +2 dagger of draining, wearing a +1 robe of resistance and carrying a wand of polymorph (6) (lightly wounded, fast, chance to affect: 64%) Dowan suddenly stops moving!
The helpless Dowan fails to defend himself.
You hit Dowan.
Dowan is lightly wounded.
The helpless Dowan fails to defend himself.
You hit Dowan.
Dowan is lightly wounded.
The helpless Dowan fails to defend himself.
You hit Dowan but do no damage.
Dowan is lightly wounded.
The helpless Dowan fails to defend himself.
You hit Dowan but do no damage.
Dowan is lightly wounded.
The helpless Dowan fails to defend himself.
You hit Dowan.
Dowan is moderately wounded.
Your transformation is almost over.
There is an open door, spattered with blood here.
Things that are here:
a +0 short sword; a +0 ring mail You see here a +0 spear.
You close the door, pushing everything out of the way.
Items here: )) ††.
The kobold hits you with a +0 whip.
* * * LOW HITPOINT WARNING * * *
You closely miss the kobold. You completely miss the kobold.
The kobold hits you with a +0 whip.
* * * LOW HITPOINT WARNING * * *
You barely miss the kobold. The kobold hits you with a +0 whip.
You die...

#.# # ..# #.# #.# #..
#.# #+## ##. #.#
#...## #. ##.#
#.....# #. ##..#
##....... #.
######..K####e.......
##.
.......).h))+........
...
######.))####........
### ##).# ##.......
#.. ##.# #.....# #..
##.## #...## #..
####...## ####+## #..
#.....#........# #..
#.##.#..#####..# ###
#.###.#.# #..## #


You could see a kobold.

Vanquished Creatures
  Duvessa (D:7)
  An ice beast (D:5)
  2 ogres
  A phantom (D:6)
  A bullfrog (D:6)
  A gnoll sergeant (D:5)
  3 scorpions
  A howler monkey (D:4)
  3 hounds
  Crazy Yiuf (D:5)
  A jelly (D:7)
  4 orc priests
  4 iguanas
  A sleepcap (D:5)
  6 gnolls
  7 adders
  An ufetubus (D:4)
  A worm (D:3)
  18 orcs
  8 ball pythons
  6 bats
  6 endoplasms
  10 giant cockroaches
  6 hobgoblins
  3 jackals (D:5)
  12 kobolds
  4 frilled lizards
  5 goblins
  7 rats
125 creatures vanquished.

Vanquished Creatures (collateral kills)
  3 gnolls (D:5)
3 creatures vanquished.

Grand Total: 128 creatures vanquished

Notes
Turn   | Place    | Note
-------+----------+-------------------------------------------
     0 | D:1      | BlueFish the Draconian Artificer began the quest for the
                  | Orb.
     0 | D:1      | Reached XP level 1. HP: 16/16 MP: 1/1
   179 | D:1      | Reached skill level 1 in Stealth
   285 | D:1      | Reached XP level 2. HP: 15/23 MP: 2/2
   845 | D:1      | Reached XP level 3. HP: 28/29 MP: 3/3
  1215 | D:2      | Found a faded altar of an unknown god.
  1955 | D:3      | Reached XP level 4. HP: 36/36 MP: 4/4
  2497 | D:4      | Reached XP level 5. HP: 36/42 MP: 5/5
  2631 | D:4      | Reached skill level 4 in Evocations
  2923 | D:5      | Entered Level 5 of the Dungeon
  2935 | D:5      | Identified the ring of Ukliwk {*Slow rF++ rN++ Int+6}
  2955 | D:5      | Reached XP level 6. HP: 51/51 MP: 6/6
  3024 | D:5      | Gained mutation: Your skin changes colour to match your
                  | surroundings (Stealth+). [potion of mutation]
  3024 | D:5      | Gained mutation: You are robust. (+10% HP) [potion of
                  | mutation]
  3252 | D:5      | You fall into a shaft and drop 1 floor!
  3295 | D:6      | Noticed a +0 great mace
  3483 | D:6      | Found Ficonlic's Weapon Shop.
  3485 | D:6      | Noticed a +0 giant spiked club
  3526 | D:6      | Your scales start taking on an icy white colour.
  3526 | D:6      | Reached XP level 7. HP: 56/64 MP: 7/7
  3526 | D:6      | Gained mutation: Your flesh is cold resistant. (rC+) [White
                  | Draconian growth]
  3700 | D:6      | Found a staircase to the Ecumenical Temple.
  3810 | D:6      | Reached skill level 5 in Evocations
  4180 | D:5      | Found a runed translucent door.
  4181 | D:5      | Noticed Crazy Yiuf
  4273 | D:5      | HP: 3/66 [gnoll sergeant/+0 spear (2)]
  4274 | D:5      | HP: 1/66 [gnoll sergeant/+0 spear (2)]
  4609 | D:5      | Reached skill level 5 in Fighting
  4609 | D:5      | Reached XP level 8. HP: 68/74 MP: 8/8
  4892 | D:5      | Killed Crazy Yiuf
  5100 | D:6      | Identified the +6 hand axe of Lihiug {venom, MP+9}
  5175 | D:6      | Found Ovenwaas's Magic Scroll Shoppe.
  5205 | D:6      | Reached skill level 5 in Dodging
  5522 | D:7      | Reached skill level 5 in Stealth
  5546 | D:7      | Noticed Duvessa
  5546 | D:7      | Noticed Dowan
  5558 | D:7      | Killed Duvessa
  5559 | D:7      | Reached skill level 1 in Axes
  5563 | D:7      | Reached skill level 6 in Evocations
  5589 | D:7      | Slain by a kobold

Illustrated notes

Levels and vault maps discovered:
D:1:      dpeg_arrival_circle_labyrinth_c, layout_basic, nrook_campfire,
          nicolae_titane
D:2:      layout_loops_ring, nicolae_ecumenical_pavilion,
          kennysheep_generic_room_16
D:3:      layout_rooms
D:4:      layout_basic
D:5:      layout_basic, serial_bayou_crossing, uniq_crazy_yiuf_cottage
D:6:      cheibrodos_iron_armory, layout_loops_corners,
          minmay_temple_entry_from_below_a, serial_shops, shop,
          nicolae_shop_mannequins
D:7:      layout_loops_corners, uniq_duvessa

Skill      XL: |  1  2  3  4  5  6  7  8 |
---------------+-------------------------+-----
Stealth        | 1 2 3 4 5 |  5.1
Fighting       | 2 3 4 5 |  5.6
Dodging        | 3 4 5 |  5.1
Evocations     | 4 5 6 |  6.0
Axes           | 1 |  1.2

Action                     |  1- 3 |  4- 6 |  7- 9 || total
---------------------------+-------+-------+-------++-------
  Melee: Dagger            |    63 |       |       ||    63
         Club              |     6 |       |       ||     6
         Tailslap          |    15 |    33 |    18 ||    66
         Punch             |     1 |     1 |     4 ||     6
         Short sword       |    85 |   183 |   100 ||   368
         Hand axe          |       |       |    46 ||    46
         Unarmed           |       |       |    11 ||    11
Ability: Breathe Frost     |       |       |     4 ||     4
  Evoke: Wand              |       |     3 |    14 ||    17
    Use: Potion            |       |     5 |     9 ||    14
   Stab: Sleeping          |     7 |     3 |     4 ||    14
         Distracted        |       |       |     1 ||     1
         Paralysed         |       |       |     5 ||     5
 Armour: Skin              |    47 |    55 |    42 ||   144
  Dodge: Dodged            |    96 |   129 |    89 ||   314

Table legend: (Time is in decaauts)
 A = Elapsed time spent in this place.
 B = Non-inter-level travel time spent in this place.
 C = Inter-level travel time spent in this place.
 D = Time resting spent in this place.
 E = Time spent auto-exploring this place.
 F = Levels seen in this place.
 G = Mean time per level.
                   A        B        C        D        E       F      G
               +--------+--------+--------+--------+--------+-----+--------+
         Total |   5596 |   5381 |    215 |    324 |   3345 |   7 |  799.4 |
       Dungeon |   5596 |   5381 |    215 |    324 |   3345 |   7 |  799.4 |
               +--------+--------+--------+--------+--------+-----+--------+

Top non-repeatable levels by time:
     D:1: 1217 daAuts
     D:5: 1202 daAuts
     D:6: 1200 daAuts
     D:4: 861 daAuts
     D:2: 619 daAuts
     D:3: 364 daAuts
     D:7: 130 daAuts
